 Dungeon Crawl Stone Soup version 0.27-a0-287-gd4424db430 (webtiles) character file.

Game seed: 3376207928387605542

219019 urnamphora the Pacifist (level 19, -1/141 HPs)
             Began as a Halfling Hunter on Feb 7, 2021.
             Was an Elder of Elyvilon.
             Succumbed to poison
             ... on level 4 of the Swamp on Feb 8, 2021.
             The game lasted 05:21:33 (64075 turns).

urnamphora the Pacifist (Halfling Hunter)          Turns: 64075, Time: 05:21:34

Health: -1/141     AC: 30    Str: 24    XL:     19   Next: 88%
Magic:  30/31      EV: 26    Int:  9    God:    Elyvilon [****..]
Gold:   3502       SH:  0    Dex: 24    Spells: 18/18 levels left

rFire    + . .     SeeInvis .   a - +9 hunting sling (vorpal)
rCold    + . .     Faith    +   (shield restricted)
rNeg     . . .     Spirit   .   S - +3 storm dragon scales {Bai Suzhen}
rPois    .         Reflect  .   G - +2 helmet of Piguehan {rF+}
rElec    +         Harm     .   M - +2 cloak
rCorr    .         Rampage  .   B - +2 pair of gloves
Will     ++...                  v - +2 pair of boots
Stlth    +.........             n - amulet of faith
HPRegen  0.33/turn              s - ring of Xom's Passing Interest {+Fly rC+ Str+8 Dex+4}
MPRegen  0.22/turn              w - ring of willpower

@: lethally poisoned (-1 -> -32), about to teleport, protection, studying
Invocations, very slow
A: small, mutation resistance 1
}: 1/15 runes: gossamer
a: Renounce Religion, Evoke Flight, Lesser Healing, Heal Other, Purification,
Greater Healing, Divine Protection


You were on level 4 of the Swamp.
You worshipped Elyvilon.
Elyvilon was greatly pleased with you.
You visited 6 branches of the dungeon, and saw 32 of its levels.
You visited the Abyss 1 time.
You also visited: Ossuary.

You collected 4061 gold pieces.
You spent 559 gold pieces at shops.

Inventory:

Hand Weapons
 a - a +9 vorpal hunting sling (weapon)
 b - the +2 quarterstaff of Teguix {vorpal, *Rage *Slow rPois Str+10}
   (You bought it in a shop on level 2 of the Orcish Mines)

   It inflicts extra damage upon your enemies.
   It affects your strength (+10).
   It protects you from poison.
   It may make you go berserk in combat.
   It may slow you when you take damage.
Missiles
 d - 52 sling bullets
 e - 84 stones (quivered ammo)
 r - 181 poisoned darts
 I - 7 curare-tipped darts
Armour
 v - a +2 pair of boots (worn)
 B - a +2 pair of gloves (worn)
 C - a +0 buckler
 D - the +2 ring mail of the Pink Corner {rPois rF- rCorr Stlth-}
   (You bought it in a shop on level 2 of the Orcish Mines)

   It makes you vulnerable to fire.
   It protects you from poison.
   It provides partial protection from all sources of acid and corrosion.
   It makes you less stealthy.
 G - the +2 helmet of Piguehan (worn) {rF+}
   (You found it on level 4 of the Lair of Beasts)

   It protects you from fire.
 M - a +2 cloak (worn)
 S - +3 storm dragon scales (worn) {Bai Suzhen}
Jewellery
 n - an amulet of faith (around neck)
 s - the ring of Xom's Passing Interest (left hand) {+Fly rC+ Str+8 Dex+4}
   (You acquired it on level 2 of the Spider Nest)

   [ring of flight]

   It affects your strength (+8).
   It affects your dexterity (+4).
   It protects you from cold.
   It lets you fly.
 w - a ring of willpower (right hand)
 A - an uncursed ring of poison resistance
 O - an uncursed ring of protection from fire
 P - a +6 ring of dexterity
 Q - a +4 ring of protection
 Z - an uncursed ring of see invisible
Scrolls
 c - a scroll of silence
 f - 4 scrolls of identify
 i - 7 scrolls of fear
 j - 16 scrolls of remove curse
 k - 7 scrolls of immolation
 l - a scroll of brand weapon
 p - 4 scrolls of blinking
 q - 10 scrolls of magic mapping
 t - 3 scrolls of enchant weapon
 u - 4 scrolls of fog
 x - 9 scrolls of teleportation
 y - 2 scrolls of vulnerability
 H - 5 scrolls of holy word
 X - a scroll of torment
 Y - 2 scrolls of summoning
Potions
 g - 6 potions of curing
 h - 7 potions of cancellation
 m - 3 potions of lignification
 o - 7 potions of mutation
 z - 4 potions of heal wounds
 E - a potion of invisibility
 F - 3 potions of flight
 J - 4 potions of ambrosia
 K - 5 potions of berserk rage
 L - a potion of magic
 N - 3 potions of attraction
 R - 7 potions of haste
 T - 3 potions of might


   Skills:
 - Level 16.0 Fighting
 * Level 13.0 Staves
 - Level 12.0 Slings
 + Level 8.3 Armour
 - Level 16.3 Dodging
 - Level 9.1 Stealth
 - Level 5.6 Shields
 + Level 17.2 Invocations


You had 18 spell levels left.
You didn't know any spells.
Your spell library contained the following spells:

 Spells                   Type           Power        Failure   Level
 Animate Skeleton         Necr           0%           93%         1
 Apportation              Tloc           0%           93%         1
 Corona                   Hex            0%           93%         1
 Freeze                   Ice            0%           93%         1
 Shock                    Conj/Air       0%           93%         1
 Summon Small Mammal      Summ           0%           93%         1
 Call Imp                 Summ           0%           98%         2
 Corpse Rot               Necr/Air       N/A          98%         2
 Passwall                 Tmut/Erth      0%           98%         2
 Swiftness                Air            0%           98%         2
 Call Canine Familiar     Summ           0%           100%        3
 Frozen Ramparts          Ice            0%           100%        3
 Ignite Poison            Fire/Tmut/Pois 0%           100%        3
 Mephitic Cloud           Conj/Pois/Air  0%           100%        3
 Ozocubu's Armour         Ice            0%           100%        3
 Static Discharge         Conj/Air       0%           100%        3
 Stone Arrow              Conj/Erth      0%           100%        3
 Summon Guardian Golem    Hex/Summ       0%           100%        3
 Airstrike                Air            0%           100%        4
 Hailstorm                Conj/Ice       0%           100%        4
 Iskenderun's Mystic Bla  Conj/Tloc      0%           100%        4
 Passage of Golubria      Tloc           N/A          100%        4
 Summon Ice Beast         Ice/Summ       0%           100%        4
 Summon Lightning Spire   Summ/Air       0%           100%        4
 Fireball                 Conj/Fire      0%           100%        5
 Iskenderun's Battlesphe  Conj           0%           100%        5
 Lee's Rapid Deconstruct  Erth           0%           100%        5
 Lightning Bolt           Conj/Air       0%           100%        5
 Silence                  Hex/Air        0%           100%        5
 Summon Forest            Summ/Tloc      0%           100%        5
 Summon Mana Viper        Hex/Summ       0%           100%        5
 Eringya's Noxious Bog    Tmut/Pois      0%           100%        6
 Hydra Form               Tmut           0%           100%        6
 Invisibility             Hex            0%           100%        6
 Shadow Creatures         Summ           N/A          100%        6
 Starburst                Conj/Fire      0%           100%        6
 Summon Hydra             Summ           0%           100%        7
 Ignition                 Fire           0%           100%        8


Dungeon Overview and Level Annotations

Branches:
Dungeon (15/15)            Temple (1/1) D:6            Lair (6/6) D:8
  Swamp (4/4) Lair:4       Spider (4/4) Lair:4        Slime (0/5) Lair:5
    Orc (2/2) D:9             Elf (0/3) Orc:2        Vaults (0/5) D:13
 Depths (0/5) D:15        Ossuary (visited)

Altars:
Ashenzari
Cheibriados
Dithmenos
Elyvilon
Fedhas
Gozag
Hepliaklqana
Kikubaaqudgha
Makhleb
Nemelex Xobeh
Okawaru
Qazlal
Ru
Sif Muna
Trog
Uskayaw
Vehumet
Wu Jian
Xom
Yredelemnul
Zin
The Shining One
Beogh

Shops:
D:11 *   Orc:2 ([=*

Portals:
Trove: D:14 (give 5 scrolls of blinking)

Annotations:
Lair:2 exclusion: downstairs


Innate Abilities, Weirdness & Mutations

You are small and have problems with some larger weapons.
You are somewhat resistant to further mutation.


Message History

* * * LOW HITPOINT WARNING * * *
x2 You feel very sick.
You are hit by a branch!
You can no longer call upon Elyvilon for divine vigour.
Elyvilon protects you from harm! The fenstrider witch barely misses you.
The fenstrider witch completely misses you.
The spriggan druid completely misses you.
As you read the scroll of teleportation, it crumbles to dust.
You feel strangely unstable. Elyvilon protects you from harm!
A tree reaches out and hits you! Elyvilon protects you from harm!
The fenstrider witch casts a spell at you.
You resist with almost no effort. The spriggan druid misses you.
The fenstrider witch points at you and mumbles some strange words.
You resist with almost no effort.
You enter the shallow water.
Moving in this stuff is going to be slow.
You die...

#### ##≈≈. ♣♣♣♣ ♣♣♣
###♣§.≈♣ ♣♣≈.♣♣
♣♣≈♣##≈≈≈.≈≈≈ ♣≈iH@♣
♣.≈##≈##.≈.≈≈ ♣.≈O≈♣
♣♣.##≈≈#∩##♣≈.
♣♣.≈(♣♣♣..#♣≈≈.#.##≈)
♣♣♣♣...♣..##≈≈≈.#≈.##♣
♣♣.).≈≈.≈..#♣≈≈≈≈##≈.##
♣≈..≈≈≈....#.≈[≈≈♣#≈≈.♣
♣.≈≈)≈≈≈(≈#≈.≈≈≈≈≈##♣≈.
♣.≈≈≈≈≈≈≈≈#≈≈♣≈≈≈≈.# ≈≈
♣♣.≈≈≈≈≈≈≈#≈≈.≈≈≈≈## ≈


You could see a fenstrider witch, an ogre mage and a spriggan druid.

Vanquished Creatures
  Bai Suzhen (Swamp:3)
  Nikola (Swamp:3)
  Arachne (Spider:2)
  Rupert (Lair:3)
  Jorgrun (D:15)
  2 tentacled starspawn (Abyss:2)
  The ghost of kae the Brawler, an adept DrTm of Ru (Lair:4)
  The ghost of Philosophunculist the Blocker, an adept FoFi of Hepliaklqana (Lair:6)
  An orc warlord (Orc:2)
  Louise (Swamp:3)
  7 emperor scorpions
  A ghoul (Swamp:3)
  6 ghost moths
  2 very ugly things (Abyss:2)
  A bunyip (Swamp:4)
  5 entropy weavers
  A dire elephant (D:14)
  3 eleionomae
  A blizzard demon (Abyss:2)
  A vault guard (D:13)
  4 boulder beetles
  Erolcha (Orc:1)
  Fannar (D:12)
  3 centaur warriors
  3 catoblepae (Lair:6)
  20 hydras
  3 two-headed ogres
  2 death knights
  5 death yaks (Lair:6)
  9 alligators
  3 tengu warriors
  An orc high priest (Orc:2)
  Nergalle (Orc:2)
  A wretched star (Swamp:3)
  A death drake (Swamp:3)
  3 sixfirhies
  4 spriggan druids
  3 unseen horrors
  2 spatial maelstroms (Abyss:2)
  5 goliath frogs
  2 wizards (D:13)
  3 bog bodies
  2 swamp dragons (Swamp:4)
  3 necromancers (D:13)
  Pikel (D:7)
  27 wolf spiders
  20 orb spiders
  A deep elf pyromancer (D:14)
  8 orc sorcerers
  4 orc knights
  12 ugly things
  2 oklob plants
  A salamander (D:15)
  7 will-o-the-wisps
  2 manticores (Lair:6)
  3 cyclopes
  3 moths of wrath
  Joseph (Lair:1)
  4 black mambas
  6 elephants
  12 cane toads
  2 orange demons
  A gargoyle (D:13)
  An ice statue (Lair:6)
  3 torpor snails
  Maggie (D:8)
  2 rime drakes
  Psyche (D:9)
  A yaktaur (D:15)
  20 demonic crawlers
  4 kobold demonologists (D:12)
  14 komodo dragons
  A tengu conjurer (D:13)
  An efreet (D:9)
  A hellwing (Swamp:4)
  25 jumping spiders
  An ancient zyme (Abyss:2)
  7 trolls
  2 polar bears
  11 hornets
  Grinder (D:5)
  11 tyrant leeches
  4 raiju (Abyss:2)
  14 blink frogs
  14 dream sheep
  7 slime creatures
  The ghost of Borgoz the Skirmisher, an amateur GrBe of Trog (D:4)
  2 shadows
  68 redbacks
  4 spriggans
  32 tarantellas
  63 yaks
  A wyvern (Lair:6)
  18 humans (D:13)
  2 basilisks
  2 steam dragons (D:9)
  A neqoxec (Abyss:2)
  A wraith (D:14)
  3 chaos spawn
  13 vampire mosquitoes
  Menkaure (D:5)
  2 small abominations (Abyss:2)
  2 acid dragons (D:13)
  18 swamp worms
  2 large abominations (Abyss:2)
  17 water moccasins
  A floating eye (shapeshifter) (D:13)
  6 swamp drakes
  3 ice beasts
  2 sky beasts
  22 orc warriors
  2 black bears
  2 hornet zombies
  An eye of draining (D:13)
  6 necrophages
  16 ogres
  9 centaurs
  3 phantoms
  9 wolves
  A lemure (D:7)
  An elf zombie (D:8)
  An elf skeleton (D:8)
  4 kobold brigands
  Blork the orc (Orc:2)
  25 bullfrogs
  A water moccasin zombie (D:8)
  2 wyvern zombies
  A scorpion (shapeshifter) (D:15)
  A troll zombie (D:8)
  A water moccasin skeleton (D:10)
  7 scorpions
  11 killer bees (D:10)
  8 wights (D:8)
  3 electric eels
  A howler monkey (D:4)
  4 centaur zombies
  A quasit (Abyss:2)
  A jelly (D:7)
  A bullfrog zombie (D:10)
  A bullfrog skeleton (D:13)
  2 human zombies (D:8)
  19 orc priests
  A hound (D:10)
  An iron imp (Abyss:2)
  7 centaur skeletons
  3 iguanas
  Ijyb (D:3)
  16 worker ants
  33 orc wizards
  2 lightning spires (Swamp:2)
  2 kobold brigand zombies (Ossuary)
  An ogre skeleton (D:8)
  A hound skeleton (D:5)
  4 mummies
  A worker ant zombie (D:10)
  13 adders
  A shadow imp (D:10)
  3 white imps
  2 ufetubi
  An ooze (D:6)
  An adder skeleton (D:4)
  3 worms
  4 dart slugs
  8 leopard geckos
  83 orcs
  9 bats
  7 giant cockroaches
  11 goblins
  8 hobgoblins
  19 jackals
  7 quokkas
  3 ball pythons
  8 frilled lizards
  4 gnoll zombies (Ossuary)
  2 goblin zombies (Ossuary)
  3 hobgoblin zombies (Ossuary)
  21 kobolds
  A leopard gecko zombie (D:4)
  4 orc zombies
  9 rats
  2 ball lightnings (Swamp:2)
  2 starspawn tentacles (Abyss:2)
1133 creatures vanquished.

Vanquished Creatures (others)
  2 death yaks (Lair:6)
  A rime drake (D:11)
  A bloated husk (Swamp:2)
  A hornet (Swamp:4)
  2 polar bears (D:11)
  A blink frog (Lair:6)
  A slime creature (D:15)
  A spriggan (Swamp:4)
  A small abomination (Abyss:2)
  8 yaks
  A water moccasin (Lair:6)
  A wolf (D:11)
  A bullfrog (D:9)
  A howler monkey skeleton (D:9)
  26 foxfires
  37 fungi
  A lurking horror (Abyss:2)
  78 plants
  4 starspawn tentacles (Abyss:2)
169 creatures vanquished.

Grand Total: 1302 creatures vanquished

Notes
Turn   | Place    | Note
-------+----------+-------------------------------------------
     0 | D:1      | urnamphora the Halfling Hunter began the quest for the Orb.
     0 | D:1      | Reached XP level 1. HP: 14/14 MP: 1/1
   267 | D:1      | Reached XP level 2. HP: 10/19 MP: 2/2
   832 | D:1      | Reached XP level 3. HP: 16/24 MP: 3/3
  1621 | D:1      | Reached XP level 4. HP: 29/29 MP: 4/4
  1889 | D:2      | Found a broken altar of Ashenzari.
  2989 | D:3      | Reached XP level 5. HP: 34/34 MP: 5/5
  3474 | D:3      | Reached XP level 6. HP: 35/39 MP: 6/6
  3819 | D:3      | Noticed Ijyb
  3824 | D:3      | Paralysed by Ijyb for 7 turns
  3835 | D:3      | Paralysed by Ijyb for 6 turns
  3842 | D:3      | Killed Ijyb
  4572 | D:4      | Reached XP level 7. HP: 44/44 MP: 7/7
  4729 | D:4      | Reached skill level 10 in Slings
  4729 | D:4      | Reached skill level 5 in Dodging
  5133 | D:4      | Reached XP level 8. HP: 26/50 MP: 8/8
  5616 | D:4      | Found a transporter.
  5616 | D:4      | Noticed Borgoz's ghost (amateur GrBe)
  5625 | D:4      | Found a transporter.
  5747 | D:5      | Entered Level 5 of the Dungeon
  5850 | D:5      | Noticed Grinder
  5851 | D:5      | Paralysed by Grinder for 3 turns
  5865 | D:5      | Killed Grinder
  6111 | D:5      | Noticed Menkaure
  6122 | D:5      | Killed Menkaure
  6123 | D:5      | Reached XP level 9. HP: 55/55 MP: 9/9
  6412 | D:5      | Found a snail-covered altar of Cheibriados.
  6457 | D:5      | Found an ornate altar of the Wu Jian Council.
  6968 | D:6      | Noticed a hornet
  7000 | D:6      | Paralysed by a hornet for 3 turns
  7010 | D:6      | Killed a hornet
  7263 | D:6      | Found a staircase to the Ecumenical Temple.
  7403 | D:6      | Found a sand-covered staircase.
  7408 | Ossuary  | Entered an ossuary
  7856 | D:6      | Reached skill level 5 in Fighting
  8055 | Temple   | Entered the Ecumenical Temple
  8169 | Temple   | Became a worshipper of the Shining One
  8622 | D:7      | Noticed Pikel
  8647 | D:7      | Killed Pikel
  8648 | D:7      | Reached XP level 10. HP: 27/68 MP: 10/10
  9354 | D:7      | Found a blossoming altar of Fedhas.
  9364 | D:7      | Reached * piety under the Shining One
  9818 | Temple   | Fell from the grace of the Shining One
  9818 | Temple   | Became a worshipper of Elyvilon the Healer
 10230 | D:8      | Reached * piety under Elyvilon
 10231 | D:8      | Found a staircase to the Lair.
 10448 | D:8      | Noticed Maggie
 10465 | D:8      | Killed Maggie
 10466 | D:8      | Reached skill level 1 in Invocations
 10589 | D:8      | Reached ** piety under Elyvilon
 10792 | D:8      | Reached skill level 2 in Invocations
 10798 | D:8      | Found a basalt altar of Yredelemnul.
 10812 | D:8      | Reached skill level 10 in Dodging
 11150 | D:8      | Reached skill level 3 in Invocations
 11604 | D:9      | Found a staircase to the Orcish Mines.
 11741 | D:9      | Reached skill level 1 in Armour
 11830 | D:9      | Reached *** piety under Elyvilon
 11958 | D:9      | Noticed an efreet
 12162 | D:9      | Reached skill level 4 in Invocations
 12275 | D:9      | Found a sacrificial altar of Ru.
 12313 | D:9      | Found a sparkling altar of Nemelex Xobeh.
 12335 | D:9      | Noticed Psyche
 12341 | D:9      | Killed Psyche
 12342 | D:9      | Reached XP level 11. HP: 75/75 MP: 14/14
 12652 | D:10     | Entered Level 10 of the Dungeon
 12721 | D:10     | Reached skill level 5 in Invocations
 12952 | D:10     | Reached **** piety under Elyvilon
 13338 | D:10     | Reached skill level 6 in Invocations
 13463 | D:10     | Noticed a two-headed ogre
 13492 | D:10     | Killed a two-headed ogre
 14041 | D:11     | Found Ocvucs's General Store.
 14052 | D:11     | Bought a scroll of identify for 28 gold pieces
 14371 | D:11     | Reached skill level 7 in Invocations
 14670 | D:11     | Found a frozen archway.
 14878 | D:11     | Noticed a brown ugly thing
 14912 | D:11     | Killed a brown ugly thing
 15294 | D:11     | Noticed a red ugly thing
 15308 | D:11     | Killed a red ugly thing
 15759 | D:9      | Reached skill level 8 in Invocations
 16075 | Lair:1   | Entered Level 1 of the Lair of Beasts
 16222 | Lair:1   | Found a snail-covered altar of Cheibriados.
 16406 | Lair:1   | Noticed a five-headed hydra
 16419 | Lair:1   | Killed a five-headed hydra
 16420 | Lair:1   | Reached XP level 12. HP: 73/86 MP: 18/18
 16726 | Lair:1   | Reached skill level 10 in Fighting
 17509 | Lair:1   | Noticed Joseph
 17532 | Lair:1   | Killed Joseph
 18163 | Lair:2   | Reached ***** piety under Elyvilon
 19033 | Lair:3   | Noticed a boulder beetle
 19547 | Lair:3   | Noticed Rupert
 19564 | Lair:3   | Noticed a five-headed hydra
 19571 | Lair:3   | Pacified a five-headed hydra
 19583 | Lair:3   | Killed Rupert
 19584 | Lair:3   | Reached XP level 13. HP: 33/99 MP: 13/19
 19989 | Lair:3   | Pacified a boulder beetle
 20483 | Lair:4   | Noticed a four-headed hydra
 20490 | Lair:4   | Killed a four-headed hydra
 20759 | Lair:4   | Noticed a seven-headed hydra
 20777 | Lair:4   | Killed a seven-headed hydra
 20840 | Lair:4   | Noticed a seven-headed hydra
 20855 | Lair:4   | Pacified a seven-headed hydra
 21894 | Lair:4   | Found a hole to the Spider Nest.
 21958 | Lair:4   | Noticed an eight-headed hydra
 21970 | Lair:4   | Killed an eight-headed hydra
 22070 | Lair:4   | Found a transporter.
 22081 | Lair:4   | Noticed kae's ghost (adept DrTm)
 22566 | Lair:4   | Found a transporter.
 22745 | Lair:4   | Found a staircase to the Swamp.
 22856 | Lair:5   | Reached skill level 15 in Fighting
 23140 | Lair:5   | Identified Ydduef's Almanac of Fascination and Conjuration
 23647 | Lair:5   | Reached ****** piety under Elyvilon
 23720 | Lair:5   | Found a staircase to the Slime Pits.
 23930 | Lair:5   | Reached XP level 14. HP: 110/110 MP: 20/20
 24267 | Lair:6   | Entered Level 6 of the Lair of Beasts
 25612 | Lair:6   | Found a transporter.
 25615 | Lair:6   | Found a transporter.
 25616 | Lair:6   | Noticed Philosophunculist's ghost (adept FoFi)
 25617 | Lair:6   | Got an iridescent hunting sling
 25629 | Lair:6   | Identified the +3 hunting sling "Ginkioburph" {freeze, +Fly
                  | rElec Int+3} (You found it on level 6 of the Lair of
                  | Beasts)
 25671 | Lair:6   | Reached skill level 9 in Invocations
 26793 | Lair:6   | Reached skill level 10 in Invocations
 27745 | Lair:6   | Reached XP level 15. HP: 74/117 MP: 17/22
 29752 | D:12     | Reached skill level 11 in Invocations
 29965 | D:12     | Noticed Fannar
 30518 | D:12     | Killed Fannar
 30977 | Orc:1    | Entered Level 1 of the Orcish Mines
 31177 | Orc:2    | Entered Level 2 of the Orcish Mines
 31400 | Orc:2    | Found an iron altar of Okawaru.
 31402 | Orc:1    | Noticed Erolcha
 31402 | Orc:1    | Noticed Nergalle
 31431 | Orc:2    | Killed Nergalle
 31834 | Orc:1    | Killed Erolcha
 32659 | Orc:2    | Noticed an orc warlord
 32681 | Orc:2    | Paralysed by an orc sorcerer for 7 turns
 32687 | Orc:2    | HP: 2/117 [orc warrior/+0 trident (4)]
 32687 | Orc:2    | Elyvilon protects you from harm!
 32700 | Orc:2    | Found a staircase to the Elven Halls.
 33374 | Orc:2    | Killed an orc warlord
 33879 | Orc:2    | Noticed Blork the orc
 33889 | Orc:2    | Killed Blork the orc
 33921 | Orc:2    | Found a roughly hewn altar of Beogh.
 33947 | Orc:2    | Found Jebomuw's General Store.
 33953 | Orc:2    | Found Houliew's Antique Armour Emporium.
 33972 | Orc:2    | Found Plog's Antique Weapon Emporium.
 34078 | Orc:2    | Found Deeruf's Jewellery Emporium.
 34772 | D:13     | Reached skill level 12 in Invocations
 35095 | D:13     | Reached skill level 15 in Dodging
 35294 | D:13     | Reached skill level 1 in Shields
 35689 | D:13     | Reached XP level 16. HP: 124/124 MP: 25/25
 36057 | D:13     | Reached skill level 5 in Shields
 36090 | D:13     | Found a gate to the Vaults.
 37368 | D:14     | Found a portal to a secret trove of treasure.
 37906 | D:14     | Found a shimmering altar of Xom.
 37906 | D:14     | Found a shimmering altar of Xom.
 37907 | D:14     | Found a shimmering altar of Xom.
 37918 | D:14     | Found a shimmering altar of Xom.
 37918 | D:14     | Found a shimmering altar of Xom.
 37919 | D:14     | Found a shimmering altar of Xom.
 37919 | D:14     | Found a shimmering altar of Xom.
 37932 | D:14     | Found a shimmering altar of Xom.
 38833 | D:14     | Got a steaming ruby amulet
 38976 | D:15     | Entered Level 15 of the Dungeon
 39054 | D:15     | Noticed Jorgrun
 39086 | D:15     | Killed Jorgrun
 39087 | D:15     | Reached skill level 5 in Stealth
 39836 | D:15     | Found a staircase to the Depths.
 40376 | D:15     | Identified a scroll of acquirement
 40377 | D:15     | Acquired a manual of Invocations
 41025 | Lair:4   | Got an ancient helmet
 41093 | Lair:4   | Killed kae's ghost
 41094 | Lair:4   | Reached skill level 13 in Invocations
 41876 | D:4      | Killed Borgoz's ghost
 42410 | Swamp:1  | Entered Level 1 of the Swamp
 42664 | Swamp:1  | Reached skill level 14 in Invocations
 42664 | Swamp:1  | Reached XP level 17. HP: 129/129 MP: 27/27
 43149 | Swamp:1  | Reached skill level 15 in Invocations
 43493 | Swamp:2  | Identified the +2 helmet of Piguehan {rF+} (You found it on
                  | level 4 of the Lair of Beasts)
 44951 | Swamp:3  | Reached skill level 16 in Invocations
 45649 | Orc:2    | Bought a scorched quarterstaff for 261 gold pieces
 45654 | Orc:2    | Identified the +2 quarterstaff of Teguix {vorpal, *Rage
                  | *Slow rPois Str+10} (You bought it in a shop on level 2 of
                  | the Orcish Mines)
 46487 | Swamp:3  | Noticed Louise
 46536 | Swamp:3  | Noticed Bai Suzhen
 46971 | Spider:1 | Entered Level 1 of the Spider Nest
 47310 | Spider:1 | Reached skill level 1 in Staves
 48437 | Spider:1 | Reached skill level 5 in Staves
 48517 | Spider:1 | Upgraded the game from 0.27-a0-279-gdfb9265905 to
                  | 0.27-a0-287-gd4424db430
 49718 | Spider:1 | HP: 1/129 [disintegration (36)]
 50774 | Lair:1   | Got a scorched ring mail
 50785 | Lair:1   | Identified the +4 ring mail of Weightlessness {Harm} (You
                  | found it on level 1 of the Lair of Beasts)
 50965 | D:13     | Got a transparent ring mail
 50971 | D:13     | Identified the +0 ring mail of Mirth {*Corrode +Inv rPois
                  | rC+++} (You found it on level 13 of the Dungeon)
 51146 | Orc:2    | Bought a jet-encrusted ring mail for 270 gold pieces
 51156 | Orc:2    | Identified the +2 ring mail of the Pink Corner {rPois rF-
                  | rCorr Stlth-} (You bought it in a shop on level 2 of the
                  | Orcish Mines)
 51370 | Spider:1 | Reached XP level 18. HP: 58/135 MP: 27/30
 52847 | Spider:1 | Reached skill level 5 in Armour
 55259 | Spider:3 | Noticed Arachne
 55295 | Spider:2 | HP: 5/135 [Arachne/uncursed staff of poison (5)]
 55729 | Spider:2 | Acquired the ring of Xom's Passing Interest {+Fly rC+ Str+8
                  | Dex+4}
 55824 | Spider:2 | Killed Arachne
 57016 | Spider:4 | Entered Level 4 of the Spider Nest
 58914 | Spider:4 | Reached skill level 10 in Staves
 59080 | Spider:4 | Reached XP level 19. HP: 141/141 MP: 14/31
 59693 | Spider:4 | Got a gossamer rune of Zot
 60292 | Lair:6   | Killed Philosophunculist's ghost
 60922 | Swamp:3  | Killed Bai Suzhen
 60944 | Swamp:3  | Cast into level 2 of the Abyss (Louise)
 61482 | Abyss:2  | Found a corrupted altar of Lugonu.
 61729 | Swamp:3  | Escaped the Abyss
 61767 | Swamp:3  | Killed Louise
 62156 | Swamp:3  | Noticed Nikola
 62181 | Swamp:3  | Killed Nikola
 62818 | Swamp:4  | Entered Level 4 of the Swamp
 63410 | Swamp:4  | Reached skill level 17 in Invocations
 64069 | Swamp:4  | Paralysed by a fenstrider witch for 2 turns
 64073 | Swamp:4  | HP: 6/141 [something (13)]
 64073 | Swamp:4  | Elyvilon protects you from harm!
 64074 | Swamp:4  | Elyvilon protects you from harm!
 64074 | Swamp:4  | Elyvilon protects you from harm!
 64075 | Swamp:4  | Succumbed to poison

Illustrated notes

Levels and vault maps discovered:
D:1:      lightli_arrival_statuegarden, layout_loops_corners, minmay_tromino_v2
D:2:      layout_basic, evilmike_ruin_ashenzari
D:3:      layout_loops_ring, chequers_serial_rivers_room_b, uniq_ijyb
D:4:      layout_rooms, gammafunk_ghost_mausoleum
D:5:      layout_gridville, kennysheep_mini_moat, general_overflow_altar,
          lexackson_kobold_supper, uniq_menkaure, uniq_grinder
D:6:      layout_rooms, minmay_temple_entry_mini_moons, enter_ossuary_2
D:7:      layout_loops_cross, fedhas_bush_and_centaur_altar, uniq_pikel
D:8:      layout_gridville, lemuel_mausoleum_altar_yredelemnul,
          lair_entry_dummy, uniq_maggie
D:9:      cheibrodos_steamvent, layout_grid_maze, old_standard_altar,
          nicolae_ru_sacrificial_ziggurat, onia_ninara_dug_in_and_dangerous,
          uniq_psyche
D:10:     layout_basic
D:11:     layout_cross, serial_shops, shop,
          portal_ice_cave_entry_animals_and_master
D:12:     layout_small_grid, gauntlet_entry_generic, uniq_fannar
D:13:     layout_gridville, grunt_vaults_entry_tiered,
          minmay_mirror_moons_of_madness
D:14:     layout_basic, enter_trove_6, abandoned_shop, xom_shifter_show
D:15:     hangedman_depths_entry_try_elsewhere_first, layout_basic,
          hangedman_abyss_or_decor_stagger, grunt_ministairs_2, uniq_jorgrun
Temple:   eino_wide_crystal_templ
Lair:1:   layout_cave_pods, basic_altar, uniq_joseph
Lair:2:   layout_hall_layers
Lair:3:   layout_long_grid, infiniplex_staircase_pool, grunt_megastairs_3,
          uniq_rupert
Lair:4:   layout_gridlike, palyth_hydra_swamp_entry,
          spider_nest_entry_web_field, gammafunk_ghost_berserking_beasts
Lair:5:   layout_small_grid, minmay_slime_entry_oklob_enclosed
Lair:6:   evilmike_catoblepas_cave, layout_loops_ring, nzn_ghost_randoct,
          wad_woods_03
Swamp:1:  layout_basic_swamp, evilmike_swamp_ruin_house_5
Swamp:2:  layout_basic_swamp, hangedman_swamp_ruin_wall, swamp_pool5,
          hangedman_swamp_phenomena
Swamp:3:  layout_basic_swamp, serial_swamp_ruin, evilmike_swamp_ruin_rubble_1,
          evilmike_swamp_ruin_house_2, swamp_pool1, uniq_louise, uniq_nikola,
          uniq_bai_suzhen
Swamp:4:  nzn_swamp_witches_coven, layout_basic_swamp
Spider:1: layout_spider_delve, hangedman_spider_mandibles, drop_trap,
          einodemon_crawler_minivault
Spider:2: layout_spider_delve, drop_trap
Spider:3: layout_spider_delve, uniq_arachne
Spider:4: grunt_spider_rune_circles
Orc:1:    layout_caves, uniq_erolcha, uniq_nergalle
Orc:2:    grunt_orc_cross, layout_caves, okawaru_metal_pillars_3

Skill      XL: |  1  2  3  4  5  6  7  8  9 10 11 12 13 14 15 16 17 18 19 |
---------------+----------------------------------------------------------+-----
Slings         | 6 7 8 9 11 12 | 12.0
Dodging        | 3 4 5 7 9 10 12 15 16 | 16.3
Fighting       | 2 6 7 9 13 15 16 | 16.0
Stealth        | 3 7 9 |  9.1
Invocations    | 4 8 10 12 14 16 17 | 17.2
Armour         | 3 4 7 8 |  8.3
Shields        | 3 5 |  5.6
Staves         | 6 10 13 | 13.0

Action                   |  1- 3 |  4- 6 |  7- 9 | 10-12 | 13-15 | 16-18 | 19-21 || total
-------------------------+-------+-------+-------+-------+-------+-------+-------++-------
Melee: Short sword       |   176 |     8 |       |       |       |       |       ||   184
       Dagger            |       |   294 |    28 |       |       |       |       ||   322
       Hunting sling     |       |       |     1 |     7 |     3 |       |       ||    11
       Falchion          |       |       |       |   280 |       |       |       ||   280
       Scimitar          |       |       |       |   145 |    18 |   475 |       ||   638
       Quarterstaff      |       |       |       |       |       |   376 |   199 ||   575
 Fire: Hunting sling     |       |    21 |   475 |  1026 |  2115 |  1803 |   601 ||  6041
Throw: Stone             |     4 |     5 |     4 |       |       |     1 |       ||    14
       Dart              |       |     3 |    22 |    32 |    41 |    41 |       ||   139
Invok: Heal Other        |       |       |       |     8 |    11 |       |     1 ||    20
       Lesser Healing    |       |       |       |     1 |       |       |       ||     1
       Greater Healing   |       |       |       |     1 |     7 |    17 |     4 ||    29
       Purification      |       |       |       |     1 |       |     7 |     1 ||     9
       Divine Protection |       |       |       |       |     1 |     2 |     1 ||     4
       Divine Vigour     |       |       |       |       |       |     1 |       ||     1
 Abil: Evoke Flight      |       |       |       |       |       |     1 |       ||     1
Evoke: Wand              |       |       |       |     1 |     3 |       |       ||     4
  Use: Scroll            |       |     2 |     4 |     7 |    19 |    15 |     3 ||    50
       Potion            |       |       |     2 |     3 |       |    10 |       ||    15
 Stab: Sleeping          |     2 |     3 |       |    10 |     1 |     1 |       ||    17
       Distracted        |       |     1 |       |     1 |       |       |       ||     2
Armor: Leather armour    |    35 |    74 |    15 |    12 |       |       |       ||   136
       Acid dragon scale |       |       |       |   118 |   113 |   183 |       ||   414
       Ring mail         |       |       |       |       |       |   306 |    58 ||   364
       Skin              |       |       |       |       |       |     2 |       ||     2
       Storm dragon scal |       |       |       |       |       |       |   109 ||   109
Dodge: Dodged            |   150 |   214 |   114 |   926 |   978 |  2999 |   690 ||  6071
Block: Buckler           |       |       |       |       |     9 |   559 |    97 ||   665
       Rpst.: Falchion   |       |       |       |   118 |       |       |       ||   118
       Scimitar          |       |       |       |    43 |     2 |   220 |       ||   265

Table legend: (Time is in decaauts)
 A = Elapsed time spent in this place.
 B = Non-inter-level travel time spent in this place.
 C = Inter-level travel time spent in this place.
 D = Time resting spent in this place.
 E = Time spent auto-exploring this place.
 F = Levels seen in this place.
 G = Mean time per level.
                   A        B        C        D        E       F      G
               +--------+--------+--------+--------+--------+-----+--------+
         Total |  62498 |  57840 |   4658 |  16839 |  27521 |  34 | 1838.2 |
       Dungeon |  24354 |  22320 |   2034 |   4149 |  12898 |  15 | 1623.6 |
        Temple |    139 |    117 |     22 |      0 |     44 |   1 |  139.0 |
          Lair |  15402 |  13612 |   1790 |   3724 |   7197 |   6 | 2567.0 |
         Swamp |   6329 |   6053 |    276 |   2246 |   2562 |   4 | 1582.2 |
   Spider Nest |  11870 |  11583 |    287 |   5324 |   3631 |   4 | 2967.5 |
  Orcish Mines |   3453 |   3207 |    246 |   1154 |    929 |   2 | 1726.5 |
         Abyss |    714 |    714 |      0 |    242 |    104 |   1 |  714.0 |
       Ossuary |    234 |    234 |      0 |      0 |    154 |   1 |  234.0 |
               +--------+--------+--------+--------+--------+-----+--------+

Top non-repeatable levels by time:
Spider:1: 5036 daAuts
  Lair:6: 3889 daAuts
  Lair:4: 3888 daAuts
 Swamp:3: 2715 daAuts
Spider:3: 2614 daAuts
  Lair:5: 2609 daAuts
    D:13: 2566 daAuts
    D:14: 2467 daAuts
  Lair:1: 2229 daAuts
Spider:4: 2109 daAuts
Spider:2: 2109 daAuts
    D:11: 1964 daAuts
   Orc:1: 1880 daAuts
     D:1: 1862 daAuts
     D:8: 1783 daAuts
